 Dungeon Crawl Stone Soup version 0.26.1-11-gd32895ea62 (webtiles) character file.

Game seed: 15137792104609666361

5399 MisterFreud the Grappler (level 10, -4/98 HPs)
             Began as a Troll Monk on May 12, 2021.
             Slain by Snorg (15 damage)
             ... on level 10 of the Dungeon.
             The game lasted 00:09:01 (7247 turns).

MisterFreud the Grappler (Troll Monk)               Turns: 7247, Time: 00:09:01

Health: -4/98      AC:  9    Str: 21    XL:     10   Next: 40%
Magic:  9/9        EV: 11    Int:  6    God:
Gold:   348        SH:  9    Dex: 15    Spells: 9/9 levels left

rFire    + . .     SeeInvis .     - Unarmed
rCold    + . .     Faith    .   K - +0 kite shield {AC+3}
rNeg     + . .     Spirit   .   a - +0 robe
rPois    .         Reflect  .   (helmet restricted)
rElec    .         Harm     .   q - scarf {rC+ rF+}
rCorr    .         Rampage  .   (gloves unavailable)
Will     .....                  (boots unavailable)
Stlth    +++.......             I - amulet of regeneration
HPRegen  1.06/turn              j - ring of positive energy
MPRegen  0.11/turn              N - ring of stealth

@: no status effects
A: large, unfitting armour, claws 3, regeneration 1, shaggy fur 1, tough skin 3
a: no special abilities


You were on level 10 of the Dungeon.
You visited 2 branches of the dungeon, and saw 11 of its levels.
You also visited: Sewer.

You collected 576 gold pieces.
You spent 228 gold pieces at shops.

Inventory:

Missiles
 B - a throwing net
 D - 3 large rocks (quivered)
Armour
 a - a +0 robe (worn)
 q - a scarf of resistance (worn)
 K - a +0 kite shield of protection (worn)
Jewellery
 j - a ring of positive energy (left claw)
 o - a +6 ring of intelligence
 G - an uncursed ring of positive energy
 I - an amulet of regeneration (around neck)
 J - an uncursed ring of flight {unknown}
 N - a ring of stealth (right claw)
Wands
 r - a wand of polymorph (9)
 s - a wand of flame (24)
 v - a wand of iceblast (14)
 x - a wand of digging (5)
 y - a wand of enslavement (11)
Scrolls
 b - 8 scrolls of teleportation
 d - 2 scrolls of amnesia
 e - 4 scrolls of remove curse
 f - 3 scrolls of enchant armour {unknown}
 h - a scroll of fog {unknown}
 n - 3 scrolls of noise {unknown}
 p - a scroll of blinking {unknown}
 u - 5 scrolls of immolation {unknown}
 w - 2 scrolls of enchant weapon {unknown}
 z - a scroll of random uselessness {unknown}
 E - 3 scrolls of magic mapping {unknown}
 L - a scroll of identify
 M - a scroll of fear {unknown}
Potions
 c - 2 potions of resistance
 g - a potion of invisibility
 i - 9 potions of flight
 k - 7 potions of curing
 l - a potion of brilliance
 m - a potion of magic
 t - a potion of cancellation
 C - 4 potions of heal wounds
 F - a potion of mutation {unknown}
 H - a potion of degeneration {unknown}
 O - a potion of attraction {unknown}
 P - a potion of might
Miscellaneous
 A - a tin of tremorstones (2/2)


   Skills:
 - Level 6.0 Fighting
 + Level 5.8 Throwing
 - Level 6.0 Dodging
 - Level 1.0 Stealth
 * Level 3.2 Shields
 - Level 10.3 Unarmed Combat


You had 9 spell levels left.
You didn't know any spells.
Your spell library was empty.

Dungeon Overview and Level Annotations

Branches:
Dungeon (10/15)            Temple (1/1) D:5           Sewer (visited)
   Lair: D:8-11         Orc: D:9-12

Altars:
Ashenzari
Cheibriados
Gozag
Makhleb
Nemelex Xobeh
Qazlal
Sif Muna
Trog
Vehumet
The Shining One

Shops:
D:9 !=:=

Annotations:
D:10 Snorg


Innate Abilities, Weirdness & Mutations

You are too large for most types of armour.
You have claws for hands.
Your natural rate of healing is unusually fast.
You are covered in fur. (AC +1)
You have extremely tough skin. (AC +3)


Message History

Snorg bites you but does no damage. Snorg claws you! You block Snorg's attack.
You closely miss Snorg.
Snorg is moderately wounded.
Snorg bites you!! You block Snorg's attack. Snorg claws you!
You block Snorg's attack. x2; Snorg claws you!
* * * LOW HITPOINT WARNING * * *
You barely miss Snorg.
Snorg is moderately wounded.
Snorg bites you but does no damage. You block Snorg's attack. x2
You mangle Snorg!!
Snorg is heavily wounded.
Snorg closely misses you. Snorg claws you!
* * * LOW HITPOINT WARNING * * *
Snorg claws you but does no damage.
You claw Snorg!
Snorg is heavily wounded.
Snorg closely misses you. You block Snorg's attack. Snorg claws you!
* * * LOW HITPOINT WARNING * * *
Snorg bites you!
You die...

....#..............
..............?..##..
.................!... #
../................# ..
....................#...
........................
....##.[.............!..
........................
...<.....=......@T......
........................
..(...................[.
...#.....##............#
#..#......#...........##
##.......#..............
#........#..............
......##.##.............
......#..........


You could see Snorg (berserk).

Vanquished Creatures
  2 two-headed ogres (D:8)
  A centaur skeleton (D:8)
  A troll (D:10)
  Grinder (D:4)
  Eustachio (D:6)
  2 ice beasts
  A black bear (D:8)
  4 sky beasts
  2 phantoms
  5 ogres
  4 centaurs
  Blork the orc (D:4)
  A big kobold (D:9)
  2 bullfrogs (D:8)
  A scorpion (D:5)
  5 wights (D:9)
  3 howler monkeys
  A bullfrog zombie (D:9)
  A quasit (D:9)
  2 hounds
  3 orc priests (D:8)
  A jelly (D:6)
  4 orc wizards
  An iron imp (D:4)
  3 bullfrog skeletons
  A merfolk siren (Sewer)
  8 worker ants
  A merfolk avatar (Sewer)
  A killer bee zombie (D:5)
  2 hound skeletons (D:4)
  Robin (D:3)
  A howler monkey skeleton (D:4)
  4 gnolls (D:5)
  7 adders
  2 river rats
  2 shadow imps
  2 white imps
  An ufetubus (D:5)
  4 oozes
  An adder zombie (D:5)
  4 worms
  2 dart slugs
  2 leopard geckos
  13 orcs
  10 ball pythons
  2 giant cockroaches
  22 goblins
  12 hobgoblins
  12 kobolds
  7 quokkas
  6 bats
  7 frilled lizards
  A jackal zombie (D:8)
  A leopard gecko skeleton (D:6)
  A quokka skeleton (D:6)
  26 rats
219 creatures vanquished.

Notes
Turn   | Place    | Note
-------+----------+-------------------------------------------
     0 | D:1      | MisterFreud the Troll Monk began the quest for the Orb.
     0 | D:1      | Reached XP level 1. HP: 22/22 MP: 0/0
   173 | D:1      | Reached XP level 2. HP: 29/29 MP: 1/1
   278 | D:1      | You fall into a shaft and drop 1 floor!
   290 | D:2      | Reached skill level 4 in Unarmed Combat
   723 | D:1      | Reached XP level 3. HP: 36/36 MP: 2/2
   795 | D:1      | Found a glowing golden altar of the Shining One.
  1022 | D:2      | Found a shimmering blue altar of Sif Muna.
  1022 | D:2      | Found a snail-covered altar of Cheibriados.
  1195 | D:2      | Reached XP level 4. HP: 42/44 MP: 3/3
  1331 | D:3      | Found a sparkling altar of Nemelex Xobeh.
  1331 | D:3      | Found an opulent altar of Gozag.
  1383 | D:3      | Reached skill level 5 in Unarmed Combat
  1434 | D:3      | Found a bloodstained altar of Trog.
  1446 | D:3      | Noticed Robin
  1465 | D:3      | Found a glowing drain.
  1479 | Sewer    | Entered a sewer
  1695 | Sewer    | Reached XP level 5. HP: 50/50 MP: 4/4
  1765 | Sewer    | Reached skill level 6 in Unarmed Combat
  1907 | D:3      | Killed Robin
  2257 | D:4      | Reached XP level 6. HP: 53/59 MP: 5/5
  2503 | D:4      | Reached skill level 7 in Unarmed Combat
  2510 | D:4      | Found a snail-covered altar of Cheibriados.
  2805 | D:4      | Noticed Blork the orc
  2819 | D:4      | Killed Blork the orc
  2884 | D:4      | Noticed Grinder
  2889 | D:4      | Killed Grinder
  2890 | D:4      | Reached skill level 8 in Unarmed Combat
  2890 | D:4      | Reached XP level 7. HP: 66/66 MP: 6/6
  2969 | D:5      | Entered Level 5 of the Dungeon
  3068 | D:5      | Reached skill level 9 in Unarmed Combat
  3552 | D:5      | Reached XP level 8. HP: 74/74 MP: 7/7
  3724 | D:5      | Reached skill level 10 in Unarmed Combat
  3781 | D:5      | Found a staircase to the Ecumenical Temple.
  3801 | Temple   | Entered the Ecumenical Temple
  4047 | D:6      | Reached skill level 1 in Throwing
  4273 | D:6      | Noticed Eustachio
  4293 | D:6      | Killed Eustachio
  5248 | D:7      | Found a broken altar of Ashenzari.
  5248 | D:7      | Found a burning altar of Makhleb.
  5320 | D:8      | Reached XP level 9. HP: 80/84 MP: 8/8
  5463 | D:8      | Noticed a two-headed ogre
  5469 | D:8      | Killed a two-headed ogre
  5470 | D:8      | Reached skill level 5 in Dodging
  5587 | D:8      | Reached skill level 5 in Fighting
  5777 | D:8      | Reached skill level 5 in Throwing
  6017 | D:8      | Found a stormy altar of Qazlal.
  6099 | D:8      | Noticed a two-headed ogre
  6112 | D:8      | Killed a two-headed ogre
  6113 | D:8      | Reached skill level 1 in Shields
  6113 | D:8      | Reached XP level 10. HP: 27/98 MP: 9/9
  6408 | D:9      | Found Qupt's Jewellery Boutique.
  6721 | D:9      | Found Heuxieg's Book Shoppe.
  6747 | D:9      | Found Taleah's Jewellery Shoppe.
  6956 | D:9      | Found a stormy altar of Qazlal.
  7026 | D:9      | Found Osuma's Distillery.
  7034 | D:9      | Bought a potion of might for 48 gold pieces
  7034 | D:9      | Bought a potion of heal wounds for 60 gold pieces
  7034 | D:9      | Bought a potion of heal wounds for 60 gold pieces
  7034 | D:9      | Bought a potion of heal wounds for 60 gold pieces
  7168 | D:10     | Entered Level 10 of the Dungeon
  7235 | D:10     | Noticed Snorg
  7247 | D:10     | Slain by Snorg

Illustrated notes

Levels and vault maps discovered:
D:1:      ncdulo_wetmaze, layout_loops_ring, tso_altar
D:2:      layout_rooms, gammafunk_temple_overflow_wave, minmay_pentomino_v2
D:3:      layout_rooms, grunt_temple_overflow_opulence, lightli_temple_of_fire,
          cheibrodos_sewer_entry_sluice, uniq_robin
D:4:      layout_basic, chei_slow_surprise, uniq_blork_the_orc, uniq_grinder
D:5:      minmay_octagon_keep, layout_basic, temple_green, serial_bayou_pond_e
D:6:      layout_cave_pods, uniq_eustachio
D:7:      layout_rooms, gammafunk_temple_overflow_pools
D:8:      layout_gridville, nicolae_qazlal_general_emergency
D:9:      layout_irregular_city, nicolae_overflow_hidden_temple, serial_shops,
          shop, shop_fountains, nicolae_shop_trees, nicolae_shop_behind_doors
D:10:     layout_cave_pools, erik_lair_orcish_takeover, uniq_erica, uniq_snorg,
          uniq_erolcha
Temple:   dshaligram_water_room_temple

Skill      XL: |  1  2  3  4  5  6  7  8  9 10 |
---------------+-------------------------------+-----
Unarmed Combat | 4 5 6 8 9 10 | 10.3
Throwing       | 3 5 |  5.8
Dodging        | 4 5 6 |  6.0
Fighting       | 4 5 6 |  6.0
Shields        | 1 3 |  3.2
Stealth        | |  1.0

Action                   |  1- 3 |  4- 6 |  7- 9 | 10-12 || total
-------------------------+-------+-------+-------+-------++-------
Melee: Unarmed           |    94 |   195 |   221 |    86 ||   596
       Punch             |       |     4 |     4 |       ||     8
  Use: Scroll            |     2 |       |     9 |       ||    11
 Stab: Sleeping          |     4 |     5 |     7 |     1 ||    17
Armor: Robe              |    33 |    85 |    47 |    24 ||   189
Dodge: Dodged            |    60 |   108 |   120 |    35 ||   323
Block: Kite shield       |       |       |    12 |    57 ||    69
